 Dungeon Crawl Stone Soup version 0.27-a0-1147-gb3d8e82157 (webtiles) character file.

Game seed: 7193488326768959329

357 DasRunzen the Slasher (level 6, -2/48 HPs)
             Began as a Demonspawn Gladiator on May 11, 2021.
             Was an Initiate of Okawaru.
             Slain by an ogre
             ... wielding a +0 giant club
              (27 damage)
             ... on level 4 of the Dungeon.
             The game lasted 00:07:22 (6771 turns).

DasRunzen the Slasher (Demonspawn Gladiator)        Turns: 6771, Time: 00:07:23

Health: -2/48      AC:  3    Str: 14    XL:     6   Next: 36%
Magic:  6/6        EV: 13    Int: 11    God:    Okawaru [......]
Gold:   177        SH:  0    Dex: 15    Spells: 5/5 levels left

rFire    . . .     SeeInvis .   a - +1 long sword
rCold    . . .     Faith    .   (no shield)
rNeg     . . .     Spirit   .   b - +0 leather armour
rPois    .         Reflect  .   (helmet restricted)
rElec    .         Harm     .   (no cloak)
rCorr    .         Rampage  .   (no gloves)
Will     .....                  (no boots)
Stlth    +.........             (no amulet)
HPRegen  0.16/turn              (no ring)
MPRegen  0.10/turn              (no ring)

@: no status effects
A: antennae 1
a: Renounce Religion


You were on level 4 of the Dungeon.
You worshipped Okawaru.
Okawaru was noncommittal.
You visited 2 branches of the dungeon, and saw 5 of its levels.

You collected 177 gold pieces.

Inventory:

Hand Weapons
 a - a +1 long sword (weapon)
Missiles
 d - 3 throwing nets (quivered)
Armour
 b - a +0 leather armour (worn)
Scrolls
 c - a scroll of teleportation
 g - 2 scrolls of identify {unknown}
Potions
 e - a potion of ambrosia {unknown}
 f - a potion of curing {unknown}


   Skills:
 + Level 3.8 Fighting
 + Level 4.0 Long Blades
 - Level 1.7 Throwing
 + Level 2.7 Armour
 + Level 3.9 Dodging
 + Level 0.0 Invocations


You had 5 spell levels left.
You didn't know any spells.
Your spell library was empty.

Dungeon Overview and Level Annotations

Branches:
Dungeon (4/15)             Temple (1/1) D:4

Altars:
Ashenzari
Cheibriados
Fedhas
Gozag
Makhleb
Okawaru
Ru
Sif Muna
Trog
Vehumet
Zin


Innate Abilities, Weirdness & Mutations

You have a pair of small antennae on your head.


Message History

You see here a +0 club.
You open the door.
There is an open door here.
g - a scroll labelled XAEDIL SOSCH
g - 2 scrolls labelled XAEDIL SOSCH (gained 1)
You open the door.
Found a spear.
There is an open door here.
A hobgoblin comes into view.
The hobgoblin shouts!
Found 6 gold pieces.
A hobgoblin is nearby!
An ogre comes into view. It is wielding a +0 giant club.
The hobgoblin completely misses you.
You closely miss the hobgoblin.
The ogre shouts!
The hobgoblin barely misses you.
You riposte.
You slash the hobgoblin!
You kill the hobgoblin!
Okawaru accepts your kill.
A kobold comes into view.
It is wielding a +0 dagger and quivering atropa-tipped darts.
The kobold shouts!
The kobold throws an atropa-tipped dart.
The atropa-tipped dart closely misses you.
Things that are here:
13 gold pieces; a hobgoblin corpse You now have 177 gold pieces (gained 13).
You aren't carrying any items that you can evoke.
You hit the ogre.
The ogre is lightly wounded.
The ogre hits you with a +0 giant club!!
Ouch! That really hurt!
You barely miss the ogre.
The ogre is lightly wounded.
The ogre closely misses you.
You riposte.
You hit the ogre.
The ogre is lightly wounded.
You hit the ogre.
The ogre is moderately wounded.
The ogre hits you with a +0 giant club!!
Ouch! That really hurt!
You die...

.... ##..# ##...##
##.....# .###......#
..#.$.....#
##########......OK#
................@.##
..........#.....†..#
..........+........#
..........#........#
..........#.......##
..........#......)#
..####....####'####
######....###.....##.
.....#............'...


You could see an ogre and a kobold.

Vanquished Creatures
  A necrophage (D:3)
  A water moccasin skeleton (D:4)
  A centaur skeleton (D:4)
  A jelly (D:3)
  An orc wizard (D:3)
  3 adders
  4 gnolls
  An adder skeleton (D:4)
  3 orcs
  6 ball pythons
  7 endoplasms
  2 giant cockroaches
  8 hobgoblins
  3 jackals (D:1)
  2 quokkas
  4 bats
  5 frilled lizards
  4 goblins
  5 kobolds
  5 rats
67 creatures vanquished.

Vanquished Creatures (others)
  A plant (D:1)
1 creature vanquished.

Grand Total: 68 creatures vanquished

Notes
Turn   | Place    | Note
-------+----------+-------------------------------------------
     0 | D:1      | DasRunzen the Demonspawn Gladiator began the quest for the
                  | Orb.
     0 | D:1      | Reached XP level 1. HP: 16/16 MP: 1/1
   354 | D:1      | Gained mutation: You have a pair of small antennae on your
                  | head. [demonic ancestry]
   354 | D:1      | Reached XP level 2. HP: 21/22 MP: 2/2
  1134 | D:1      | Reached skill level 3 in Long Blades
  1135 | D:1      | Reached skill level 1 in Armour
  1425 | D:1      | Found a faded altar of an unknown god.
  1456 | D:1      | Reached XP level 3. HP: 28/28 MP: 3/3
  3554 | D:3      | Reached XP level 4. HP: 34/34 MP: 4/4
  4562 | D:3      | Noticed a necrophage
  4593 | D:3      | Killed a necrophage
  4594 | D:3      | Reached XP level 5. HP: 30/41 MP: 5/5
  5214 | D:2      | HP: 1/41 [orc/+0 flail (6)]
  5740 | D:3      | Reached XP level 6. HP: 16/47 MP: 6/6
  6190 | D:4      | Reached skill level 4 in Long Blades
  6465 | D:4      | Found a staircase to the Ecumenical Temple.
  6556 | Temple   | Entered the Ecumenical Temple
  6636 | Temple   | Became a worshipper of Warmaster Okawaru
  6717 | D:4      | Found a burning altar of Makhleb.
  6771 | D:4      | Slain by an ogre

Illustrated notes

Levels and vault maps discovered:
D:1:      nzn_arrival_depleted_hourglass, layout_loops_ring,
          ebering_ecumenical_altar_mist, minmay_misc_feat_doors,
          serial_bayou_lagoon_a, hangedman_decor_clover_reticule,
          hangedman_decor_growths
D:2:      wander_river, layout_basic
D:3:      layout_loops_corners, zin_scriptorium, kennysheep_flooded_box
D:4:      layout_gridville, nemelex_diamond_rough_becter, lemuel_crystal_altar,
          minmay_temple_entry_glassed_door
Temple:   nicolae_temple_figure_zero

Skill      XL: |  1  2  3  4  5  6 |
---------------+-------------------+-----
Long Blades    | 3 4 |  4.0
Armour         | 1 2 |  2.7
Dodging        | 3 |  3.9
Fighting       | 3 |  3.8
Throwing       | |  1.7

Action                   |  1- 3 |  4- 6 || total
-------------------------+-------+-------++-------
Melee: Long sword        |   133 |   145 ||   278
  Use: Scroll            |     2 |     1 ||     3
       Potion            |       |     1 ||     1
 Stab: Sleeping          |     1 |       ||     1
Armor: Leather armour    |    31 |    11 ||    42
       Skin              |       |    21 ||    21
Dodge: Dodged            |    88 |    91 ||   179
       Rpst.: Long sword |    34 |    18 ||    52

Table legend: (Time is in decaauts)
 A = Elapsed time spent in this place.
 B = Non-inter-level travel time spent in this place.
 C = Inter-level travel time spent in this place.
 D = Time resting spent in this place.
 E = Time spent auto-exploring this place.
 F = Levels seen in this place.
 G = Mean time per level.
                   A        B        C        D        E       F      G
               +--------+--------+--------+--------+--------+-----+--------+
         Total |   6893 |   6835 |     58 |   2386 |   3741 |   5 | 1378.6 |
       Dungeon |   6767 |   6709 |     58 |   2386 |   3631 |   4 | 1691.8 |
        Temple |    125 |    125 |      0 |      0 |    110 |   1 |  125.0 |
               +--------+--------+--------+--------+--------+-----+--------+

Top non-repeatable levels by time:
     D:3: 2360 daAuts
     D:2: 2209 daAuts
     D:1: 1711 daAuts
     D:4: 485 daAuts
  Temple: 125 daAuts
